 Dungeon Crawl Stone Soup version 0.29.1-2-gbd0b4ee654 (webtiles) character file.

Game seed: 7347655165589800088

56 funnyparkerb the Sneak (level 3, 0/19 HPs)
             Began as a Vine Stalker Brigand on Nov 9, 2022.
             Succumbed to an adder's poison
             ... on level 2 of the Dungeon.
             The game lasted 00:01:58 (1552 turns).

funnyparkerb the Sneak (Vine Stalker Brigand)       Turns: 1552, Time: 00:01:59

Health: 0/19       AC:  3    Str: 13    XL:     3   Next: 95%
Magic:  2/4        EV: 12    Int: 11    God:
Gold:   67         SH:  0    Dex: 17    Spells: 2/2 levels left

rFire   . . .      SeeInvis .   a - +2 dagger
rCold   . . .      Faith    .   (no shield)
rNeg    . . .      Spirit   +   b - +0 robe
rPois   .          Reflect  .   (no helmet)
rElec   .          Harm     .   c - +0 cloak
rCorr   .          Rampage  .   (no gloves)
Will    .....                   (no boots)
Stlth   +++.......              (no amulet)
HPRegen 0.06/turn               (no ring)
MPRegen 0.09/turn               (no ring)

@: lethally poisoned (0 -> -1), attractive, flying
A: fangs 2, magic shield, antimagic bite, no potion heal 2
a: no special abilities


You were on level 2 of the Dungeon.
You visited 1 branch of the dungeon, and saw 2 of its levels.

You collected 67 gold pieces.

Inventory:

Hand Weapons
 a - a +2 dagger (weapon)
Missiles
 d - 17 poisoned darts (quivered)
 e - 2 curare-tipped darts
Armour
 b - a +0 robe (worn)
 c - a +0 cloak (worn)
Scrolls
 g - 2 scrolls of teleportation {unknown}
 k - a scroll of enchant armour {unknown}


   Skills:
 * Level 2.4 Fighting
 * Level 2.3 Short Blades
 - Level 1.7 Throwing
 * Level 1.8 Dodging
 + Level 5.0 Stealth


You had 2 spell levels left.
You didn't know any spells.
Your spell library was empty.

Dungeon Overview and Level Annotations

Branches:
Dungeon (2/15)

Altars:


Innate Abilities, Weirdness & Mutations

You have extremely sharp teeth.
When hurt, damage is shared between your health and your magic reserves.
Your bite disrupts and absorbs the magic of your enemies.
Potions cannot restore your health.


Message History

You miss the adder.
The adder is moderately wounded.
You feel sick. The adder bites you.
You are more poisoned.
The adder poisons you! The adder bites you but does no damage.
You barely miss the adder. You bite the adder. You drain its power.
You feel invigorated.
The adder is moderately wounded.
You feel sick. The adder misses you.
Throw: 3 darts (curare)
Press: ? - help, Shift-Dir - straight line, f - adder
Aim: an adder (moderately wounded, 42% to hit)
You throw a curare-tipped dart. The curare-tipped dart hits the adder.
The adder is poisoned.
The adder convulses.
The adder seems to slow down.
The adder is almost dead.
You feel sick. The adder misses you.
You feel sick.
You kill the adder!
You feel sick.
* * * LOW HITPOINT WARNING * * *
You feel sick.
It was a potion of attraction.
You feel attractive to monsters.
* * * LOW HITPOINT WARNING * * *
You feel sick.
It was a potion of flight.
You feel very buoyant.
You fly up into the air.
* * * LOW HITPOINT WARNING * * *
You feel sick. The goblin barely misses you.
As you read the scroll labelled ONAROSHRILYL, it crumbles to dust.
The scroll dissolves into smoke.
It was a scroll of fog.
* * * LOW HITPOINT WARNING * * *
You feel sick. The goblin closely misses you. The endoplasm hits you.
* * * LOW HITPOINT WARNING * * *
The air fills with toxic fumes!
As you read the scroll labelled YTTINU NYOZ, it crumbles to dust.
It was a scroll of poison.
You die...

$..#..##### .
..#......#
..####.##....#
...§§#.#...§#
#.§##(##§§##
#.§§#.#§§.#########
##§§##§##.#........
##Jg§#$#..†#####
##@§###.#†..#<#
.....§§§§§.........#
######§###..####.###
#. #..# #.# #. #....
..# #. ..####### ##
###


You could see an endoplasm and a goblin.

Vanquished Creatures
  An adder (D:2)
  2 dart slugs (D:1)
  4 ball pythons
  5 bats
  7 endoplasms
  4 goblins (D:1)
  2 hobgoblins (D:2)
  6 jackals (D:1)
  3 quokkas (D:1)
  2 frilled lizards (D:1)
  A kobold (D:1)
37 creatures vanquished.

Notes
Turn   | Place    | Note
-------+----------+-------------------------------------------
     0 | D:1      | funnyparkerb the Vine Stalker Brigand began the quest for
                  | the Orb.
     0 | D:1      | Reached XP level 1. HP: 11/11 MP: 2/2
   173 | D:1      | Reached skill level 1 in Dodging
   173 | D:1      | Reached XP level 2. HP: 15/15 MP: 3/3
   362 | D:1      | Reached skill level 5 in Stealth
   594 | D:1      | Reached XP level 3. HP: 18/18 MP: 4/4
   716 | D:1      | Found a faded altar of an unknown god.
  1552 | D:2      | Succumbed to an adder's poison

Illustrated notes

Levels and vault maps discovered:
D:1:      reono_arrival_forest_river, layout_basic, ebering_ecumenical_altar_box
D:2:      layout_basic, minmay_vboxes

Skill      XL: |  1  2 |
---------------+-------+-----
Short Blades   | 2 |  2.3
Dodging        | 1 |  1.8
Fighting       | 2 |  2.4
Stealth        | 5 |  5.0
Throwing       | |  1.7

Action                   || total
-------------------------++-------
Melee: Dagger            ||    91
       Bite              ||    16
Throw: Dart              ||     6
  Use: Scroll            ||     2
       Potion            ||     2
 Stab: Sleeping          ||     8
Armor: Robe              ||    25
Dodge: Dodged            ||    62
